 Dungeon Crawl Stone Soup version 0.19-a0-36-g4a0968a (webtiles) character file.

18 M4edhros the Grave Robber (level 2, -4/17 HPs)
             Began as an Octopode Necromancer on May 4, 2016.
             Killed from afar by Terence (11 damage)
             ... with a wand of flame
             ... on level 3 of the Dungeon.
             The game lasted 00:00:47 (137 turns).

M4edhros the Grave Robber (Octopode Necromancer)     Turns: 137, Time: 00:00:52

Health: -4/17      AC:  1    Str:  7    XL:     2   Next: 70%
Magic:  4/5        EV: 12    Int: 17    God:
Gold:   8          SH:  0    Dex: 12    Spells: 1 memorised, 4 levels left

rFire  . . .     SeeInvis .       - Unarmed
rCold  . . .     Gourm    .     (no shield)
rNeg   . . .     Faith    .     (helmet restricted)
rPois  .         Spirit   .     (no amulet)
rElec  .         Dismiss  .     (no ring)
rCorr  .         Reflect  .     (no ring)
SustAt .         Harm     .     (no ring)
MR     .....                    (no ring)
Stlth  +++.......               (no ring)
                                (no ring)
                                (no ring)
                                (no ring)

@: not resistant to hostile enchantments, fairly stealthy
A: almost no armour, amphibious, 8 rings, constrict 8, camouflage 1, gelatinous
body 1
a: no special abilities


You were on level 3 of the Dungeon.
You were not hungry.

You visited 1 branch of the dungeon, and saw 3 of its levels.

You collected 8 gold pieces.

Inventory:

Books
 a - a book of Necromancy

   Spells                             Type                      Level
   a - Pain                           Necromancy                   1
   b - Animate Skeleton               Necromancy                   1
   c - Vampiric Draining              Necromancy                   3
   d - Regeneration                   Charms/Necromancy            3
   e - Animate Dead                   Necromancy                   4
   f - Control Undead                 Necromancy                   4
Comestibles
 b - a bread ration


   Skills:
 - Level 2.0 Dodging
 - Level 2.6 Stealth
 + Level 2.2 Unarmed Combat
 - Level 2.0 Spellcasting
 - Level 4.0 Necromancy


You had 4 spell levels left.
You knew the following spells:

 Your Spells              Type           Power        Failure   Level  Hunger
a - Pain                  Necr           ###.         3%          1    #......


Dungeon Overview and Level Annotations

Branches:
Dungeon (3/15)

Altars:

Annotations:
D:3 Terence


Innate Abilities, Weirdness & Mutations

You cannot wear most types of armour.
You are amphibious.
You can wear up to eight rings at the same time.
You can use your tentacles to constrict eight enemies at once.
Your skin changes colour to match your surroundings (Stealth).
Your rubbery body absorbs attacks (AC +1).


Message History

The quokka is moderately wounded.
You constrict the quokka, but do no damage.
The quokka closely misses you.
You tentacle-slap the quokka but do no damage.
The quokka is moderately wounded.
You constrict the quokka. The quokka barely misses you.
You tentacle-slap the quokka.
You kill the quokka!
Casting: Pain
Confirm with . or Enter, or press ? or * to list all spells.
Aiming: Pain
Press: ? - help, Shift-Dir - straight line, f - hobgoblin
Aim: a hobgoblin, wielding a club (resting, chance to defeat MR: 92%)
The hobgoblin shouts!
The hobgoblin convulses in agony!
You kill the hobgoblin!
Terence shouts!
You hear a shout!
You hear a bark!
Terence zaps a wand.
The puff of flame hits you!
Ouch! That really hurt!
You die...

###..........#.
#..............
...............
.#...........#
............#
#..........#
#..........#
#.....@..).#
#..........#
##@........#
#.........#
...........#
.............#
..####.........
.# ##.8.....8


You could see Terence.

Vanquished Creatures
  A gnoll (D:1)
  A dart slug (D:1)
  A giant cockroach (D:1)
  A goblin (D:1)
  A hobgoblin (D:3)
  A quokka (D:3)
  A giant newt (D:1)
7 creatures vanquished.

Notes
Turn   | Place    | Note
--------------------------------------------------------------
     0 | D:1      | M4edhros the Octopode Necromancer began the quest for the Orb.
     0 | D:1      | Reached XP level 1. HP: 11/11 MP: 3/3
    13 | D:1      | Reached skill level 1 in Unarmed Combat
    68 | D:1      | Reached XP level 2. HP: 6/17 MP: 0/5
   133 | D:3      | Noticed Terence
   137 | D:3      | Killed from afar by Terence

Vault maps used:
D:1:      ncdulo_watergridlock
D:2:      overflow_temple_1_default, first_bread, ecumenical_altar_2,
          uniq_robin, uniq_jessica
D:3:      st_stairs_1, uniq_terence

Skill      XL: |  1 |
---------------+----+-----
Unarmed Combat | 2 |  2.2
Dodging        | |  2.0
Stealth        | |  2.6
Spellcasting   | |  2.0
Necromancy     | |  4.0

Action                   || total
-------------------------++-------
Melee: Unarmed           ||    14
       Constrict         ||     4
 Cast: Pain              ||     5
  Use: Potion            ||     1
 Stab: Sleeping          ||     2
Dodge: Dodged            ||     8
